 Dungeon Crawl Stone Soup version 0.29.1-1-gd02db6906a (webtiles) character file.

Game seed: 4996247016326240386

1 Earthwalker the Stinger (level 1, 0/13 HPs)
             Began as a Formicid Venom Mage on Oct 7, 2022.
             Slain by a jackal (2 damage)
             ... on level 1 of the Dungeon.
             The game lasted 00:00:41 (43 turns).

Earthwalker the Stinger (Formicid Venom Mage)         Turns: 43, Time: 00:00:42

Health: 0/13       AC:  2    Str: 12    XL:     1   Next: 22%
Magic:  3/3        EV: 12    Int: 14    God:
Gold:   0          SH:  0    Dex: 14    Spells: 3/4 levels left

rFire   . . .      SeeInvis +   (no weapon)
rCold   . . .      Faith    .   (no shield)
rNeg    . . .      Spirit   .   a - +0 robe
rPois   .          Reflect  .   (helmet unavailable)
rElec   .          Harm     .   (no cloak)
rCorr   .          Rampage  .   (no gloves)
Will    .....                   (no boots)
Stlth   ++........              (no amulet)
HPRegen 0.04/turn               (no ring)
MPRegen 0.08/turn               (no ring)

@: no status effects
A: permanent stasis, dig shafts and tunnels, antennae 3, four strong arms
a: Dig, Shaft Self


You were on level 1 of the Dungeon.
You visited 1 branch of the dungeon, and saw 1 of its levels.

Inventory:

Armour
 a - a +0 robe (worn)
Potions
 b - a potion of magic


   Skills:
 + Level 1.7 Dodging
 + Level 2.4 Stealth
 + Level 2.1 Spellcasting
 + Level 1.1 Transmutations
 + Level 4.1 Poison Magic


You had 3 spell levels left.
You knew the following spells:

 Your Spells              Type           Power      Damage    Failure   Level
a - Sting                 Tmut/Pois      32%        1d4       8%          1

Your spell library contained the following spells:

 Spells                   Type           Power      Damage    Failure   Level
 Poisonous Vapours        Pois/Air       14%        N/A       16%         2
 Mephitic Cloud           Conj/Pois/Air  5%         N/A       36%         3
 Olgreb's Toxic Radiance  Pois           13%        N/A       38%         4


Dungeon Overview and Level Annotations

Branches:
Dungeon (1/15)

Altars:


Innate Abilities, Weirdness & Mutations

You cannot be hasted, slowed, berserked, paralysed or teleported.
You can dig through walls and to a lower floor.
You have a pair of large antennae on your head. (SInv)
Your four strong arms can wield two-handed weapons with a shield.


Message History

The jackal bites you but does no damage.
You barely miss the ball python. The ball python barely misses you.
The ball python constricts you.
The jackal bites you but does no damage.
You hit the ball python.
The ball python is severely wounded.
The jackal bites you. The ball python closely misses you.
The ball python constricts you.
You hit the ball python.
You kill the ball python!
The jackal closely misses you. x2
The jackal attacks as you move away!
The jackal bites you but does no damage.
The jackal closely misses you. The jackal attacks as you move away!
The jackal barely misses you. The jackal attacks as you move away!
The jackal barely misses you. The jackal attacks as you move away!
The jackal misses you. The jackal bites you.
The jackal attacks as you move away! The jackal barely misses you.
The jackal completely misses you. The jackal attacks as you move away!
The jackal barely misses you. The jackal completely misses you.
The jackal attacks as you move away! The jackal bites you.
* * * LOW HITPOINT WARNING * * *
The jackal barely misses you. The jackal attacks as you move away!
The jackal misses you. The jackal closely misses you.
The jackal attacks as you move away! The jackal barely misses you.
You hit the jackal.
The jackal is lightly wounded.
The jackal bites you.
* * * LOW HITPOINT WARNING * * *
You barely miss the jackal.
The jackal is lightly wounded.
The jackal closely misses you. The jackal completely misses you.
You barely miss the jackal.
The jackal is lightly wounded.
The jackal bites you but does no damage.
The jackal closely misses you. x2; The jackal bites you.
You die...

#.# ###.# ..#.#
#.#.# #.#.# #####
#.#.# #...
##.#.###########h#
.............Sgh@#
##.#.#############
....... .........
.#..###### .#..#
.#..# #..#


You could see 2 jackals, a hobgoblin and a ball python.

Vanquished Creatures
  A ball python (D:1)
1 creature vanquished.

Notes
Turn   | Place    | Note
-------+----------+-------------------------------------------
     0 | D:1      | Earthwalker the Formicid Venom Mage began the quest for the
                  | Orb.
     0 | D:1      | Reached XP level 1. HP: 13/13 MP: 3/3
    43 | D:1      | Slain by a jackal

Illustrated notes

Levels and vault maps discovered:
D:1:      psy_arrival_terrarium, layout_basic, serial_shops, shop,
          ebering_ecumenical_altar_mist, grunt_decor_one_mirror

Action                   || total
-------------------------++-------
Melee: Unarmed           ||     8
Armor: Robe              ||     7
Dodge: Dodged            ||    29
